 Dungeon Crawl Stone Soup version 0.19-a0-1079-g88a7474 (webtiles) character file.

2 mistymad the Skirmisher (level 1, 0/18 HPs)
             Began as a Formicid Abyssal Knight on Aug 6, 2016.
             Was an Initiate of Lugonu.
             Slain by a kobold
             ... wielding a +2 short sword of freezing
              (3 damage)
             ... on level 1 of the Dungeon.
             The game lasted 00:01:19 (199 turns).

mistymad the Skirmisher (Formicid Abyssal Knight)    Turns: 199, Time: 00:01:19

Health: 0/18       AC:  3    Str: 16    XL:     1   Next: 44%
Magic:  2/2        EV:  8    Int: 11    God:    Lugonu [......]
Gold:   0          SH:  0    Dex: 10    Spells: 0 memorised, 0 levels left

rFire  . . .     SeeInvis +     a - +1 mace
rCold  . . .     Gourm    .     b - +0 leather armour
rNeg   . . .     Faith    .     (no shield)
rPois  .         Spirit   .     (helmet unavailable)
rElec  .         Dismiss  .     (no cloak)
rCorr  .         Reflect  .     (no gloves)
SustAt .         Harm     .     (no boots)
MR     .....                    (no amulet)
Stlth  +.........               (no ring)
                                (no ring)

@: constricted
A: permanent stasis, dig shafts and tunnels, four strong arms, antennae 3
a: Dig, Shaft Self, Renounce Religion


You were on level 1 of the Dungeon.
You worshipped Lugonu.
Lugonu was noncommittal.
You were not hungry.

You visited 1 branch of the dungeon, and saw 1 of its levels.
You visited the Abyss 1 time.

Inventory:

Hand Weapons
 a - a +1 mace (weapon)
Armour
 b - a +0 leather armour (worn)
Scrolls
 e - a scroll of recharging {unknown}
Comestibles
 c - a bread ration
 d - a chunk of flesh


   Skills:
 + Level 3.2 Fighting
 + Level 2.0 Maces & Flails
 + Level 2.3 Armour
 + Level 1.0 Dodging
 - Level 2.1 Invocations


You couldn't memorise any spells.
You didn't know any spells.

Dungeon Overview and Level Annotations

Branches:
Dungeon (1/15)

Altars:


Innate Abilities, Weirdness & Mutations

You are under a permanent stasis effect.
You can dig through walls and to a lower floor.
Your four strong arms can wield two-handed weapons with a shield.
You have a pair of large antennae on your head. (SInv)


Message History

The kobold hits you but does no damage.
A giant gecko comes into view.
You miss the kobold.
The kobold hits you with a short sword of freezing.
The kobold freezes you.
You take 4 damage, and have 11/18 hp.
MASSIVE DAMAGE!!
You closely miss the kobold. The ball python bites you.
The ball python grabs you. The ball python constricts you.
The giant gecko hisses menacingly.
The kobold hits you with a short sword of freezing.
* * * LOW HITPOINT WARNING * * *
The kobold freezes you.
* * * LOW HITPOINT WARNING * * *
The ball python barely misses you.
* * * LOW HITPOINT WARNING * * *
The ball python constricts you.
You take 8 damage, and have 3/18 hp.
MASSIVE DAMAGE!!
You barely miss the ball python.
The kobold hits you with a short sword of freezing.
You die...

...............
...............
................
..................
.$................
.............>....
..(.l.K...........###
......S@............####
....##......#.#....##.#x
##......(#....#....#####
......?..†..###.....'...
............###...÷#####
.........((........##h#M
..........##.......#####
.............##....#
.....##.#######....#


You could see a giant gecko, a ball python and a kobold.

Vanquished Creatures
  A goblin (D:1)
  A bat (D:1)
  A rat (D:1)
3 creatures vanquished.

Notes
Turn   | Place    | Note
-------+----------+-------------------------------------------
     0 | Abyss:1  | mistymad the Formicid Abyssal Knight began the quest for the Orb.
     0 | Abyss:1  | Reached XP level 1. HP: 18/18 MP: 2/2
    58 | Abyss:1  | Noticed a large abomination
    59 | Abyss:1  | Noticed a hellwing
    59 | D:1      | Escaped the Abyss
    62 | D:1      | Noticed a gargoyle
    62 | D:1      | Noticed a naga
    64 | D:1      | Noticed a minotaur
    64 | D:1      | Noticed a ghoul
    66 | D:1      | Noticed a troll
    68 | D:1      | Noticed a formicid
    68 | D:1      | Noticed a draconian
    70 | D:1      | Noticed a human
    72 | D:1      | Noticed a centaur
    72 | D:1      | Noticed a tengu
    74 | D:1      | Noticed a demigod
    74 | D:1      | Noticed an ogre
    76 | D:1      | Noticed a halfling
    76 | D:1      | Noticed a merfolk
    78 | D:1      | Noticed an elf
    78 | D:1      | Noticed a dwarf
    80 | D:1      | Noticed a spriggan
    80 | D:1      | Noticed a vampire
    82 | D:1      | Noticed a demonspawn
    82 | D:1      | Noticed a vine stalker
    84 | D:1      | Noticed an octopode
   120 | D:1      | Noticed a felid
   192 | D:1      | Reached skill level 1 in Dodging
   199 | D:1      | Slain by a kobold

Vault maps used:
D:1:      kb_arrival_jail

Skill      XL: |  1 |
---------------+----+-----
Dodging        | 1 |  1.0
Fighting       | |  3.2
Maces & Flails | |  2.0
Armour         | |  2.3
Invocations    | |  2.1

Action                   || total
-------------------------++-------
Melee: Mace              ||    13
Invok: Depart the Abyss  ||     1
Armor: Leather armour    ||     5
Dodge: Dodged            ||     9
